 Dungeon Crawl Stone Soup version 0.25.1-2-g60ff931df9 (webtiles) character file.

Game seed: 13869017029742473916

113 Delamore the Skirmisher (level 4, -7/29 HPs)
             Began as a Gargoyle Fighter on Sept 1, 2020.
             Mangled by Menkaure (12 damage)
             ... on level 4 of the Dungeon.
             The game lasted 00:01:43 (2100 turns).

Delamore the Skirmisher (Gargoyle Fighter)          Turns: 2100, Time: 00:01:44

Health: -7/29      AC: 11    Str: 21    XL:     4   Next: 96%
Magic:  4/4        EV:  7    Int:  8    God:
Gold:   138        SH:  9    Dex:  9    Spells: 3/3 levels left

rFire    . . .     SeeInvis .   a - +0 flail
rCold    . . .     Gourm    .   c - +0 kite shield
rNeg     + . .     Faith    .   b - +0 scale mail
rPois    ∞         Spirit   .   n - +0 helmet
rElec    +         Reflect  .   (no cloak)
rCorr    .         Harm     .   (no gloves)
MR       .....                  (no boots)
Stlth    ..........             (no amulet)
HPRegen  0.09/turn              (no ring)
MPRegen  0.09/turn              (no ring)

@: no status effects
A: negative energy resistance 1, electricity resistance, unbreathing,
petrification resistance, rot immunity, AC +3
a: no special abilities


You were on level 4 of the Dungeon.
You were not hungry.

You visited 1 branch of the dungeon, and saw 4 of its levels.

You collected 138 gold pieces.

Inventory:

Hand Weapons
 a - a +0 flail (weapon)
Missiles
 p - 2 throwing nets (quivered)
Armour
 b - a +0 scale mail (worn)
 c - a +0 kite shield (worn)
 n - a +0 helmet (worn)
Wands
 r - a wand of digging (6)
Scrolls
 e - a scroll of blinking {unknown}
 i - a scroll of remove curse {unknown}
 k - 2 scrolls of teleportation {unknown}
 l - 2 scrolls of magic mapping {unknown}
 m - 6 scrolls of identify {unknown}
 o - a scroll of amnesia {unknown}
 s - a scroll of fog {unknown}
Potions
 d - a potion of might
 g - a potion of curing {unknown}
 h - a potion of degeneration {unknown}
 j - a potion of brilliance {unknown}
Comestibles
 f - 3 rations
 q - 5 chunks of flesh


   Skills:
 + Level 4.1 Fighting
 + Level 2.9 Maces & Flails
 + Level 4.1 Armour
 + Level 4.1 Shields


You had 3 spell levels left.
You didn't know any spells.
Your spell library was empty.

Dungeon Overview and Level Annotations

Branches:
Dungeon (4/15)
 Temple: D:4-7

Altars:

Shops:
D:4 }

Annotations:
D:2 Sigmund
D:4 Menkaure


Innate Abilities, Weirdness & Mutations

You are resistant to torment.
Your stone body is resilient. (AC +3)
You are immune to poison.
You resist negative energy. (rN+)
You are resistant to electric shocks. (rElec)
You can survive without breathing.
You are immune to petrification.
You are immune to rotting.


Message History

Menkaure hits you but does no damage.
The leopard gecko skeleton bites you but does no damage.
You barely miss Menkaure.
Menkaure is severely damaged.
The leopard gecko skeleton bites you.
Menkaure whispers a few words.
Menkaure mumbles some strange words.
Menkaure seems to speed up.
You hit Menkaure but do no damage.
Menkaure is severely damaged.
Menkaure points at you and mumbles some strange words.
Pain shoots through your body!
* * * LOW HITPOINT WARNING * * *
The leopard gecko skeleton bites you but does no damage.
You hit Menkaure but do no damage.
Menkaure is severely damaged.
You block Menkaure's attack.
You block the leopard gecko skeleton's attack.
Menkaure hits you!
You die...

#......?..
#........
#.......#
#.......#
##.......##
###.........##
#......Z.....##
......M@......##
#
.......##......##
# ###........###
##......##
###.........
###.....###.
..........##
##........
...........##
#........
............##
##...#####
....).....[..##
##...##
..............##
##...##


You could see Menkaure (fast) and a leopard gecko skeleton.

Vanquished Creatures
  An orc wizard (D:3)
  Robin (D:3)
  2 oozes
  A worm (D:3)
  2 dart slugs
  3 leopard geckos
  4 orcs
  8 bats
  2 giant cockroaches
  12 goblins
  3 hobgoblins
  2 jackals (D:1)
  3 kobolds
  2 quokkas (D:2)
  A frilled lizard (D:2)
  A quokka zombie (D:3)
48 creatures vanquished.

Notes
Turn   | Place    | Note
-------+----------+-------------------------------------------
     0 | D:1      | Delamore the Gargoyle Fighter began the quest for the Orb.
     0 | D:1      | Reached XP level 1. HP: 14/14 MP: 1/1
   211 | D:1      | Reached XP level 2. HP: 19/19 MP: 2/2
   835 | D:2      | Reached XP level 3. HP: 22/24 MP: 3/3
   918 | D:2      | Noticed Sigmund
  1222 | D:3      | Reached XP level 4. HP: 26/29 MP: 4/4
  1759 | D:3      | Noticed Robin
  1776 | D:3      | Killed Robin
  2058 | D:4      | Found Ruh Oheff's Gadget Shop.
  2092 | D:4      | Noticed Menkaure
  2100 | D:4      | Mangled by Menkaure

Illustrated notes

Levels and vault maps discovered:
D:1:      dpeg_arrival_rooms_a, layout_loops_ring
D:2:      layout_rooms, minmay_3d_cube, uniq_sigmund
D:3:      layout_loops_ring, uniq_robin
D:4:      layout_layer_cave, first_ration, serial_shops, nicolae_shop_crystal,
          uniq_natasha, uniq_menkaure

Skill      XL: |  1  2  3  4 |
---------------+-------------+-----
Fighting       | 4 |  4.1
Armour         | 4 |  4.1
Shields        | 4 |  4.1
Maces & Flails | |  2.9

Action                   |  1- 3 |  4- 6 || total
-------------------------+-------+-------++-------
Melee: Flail             |   120 |    89 ||   209
  Eat: Chunk             |     1 |     3 ||     4
Armor: Scale mail        |    90 |    60 ||   150
Dodge: Dodged            |    47 |    36 ||    83
Block: Kite shield       |    66 |    72 ||   138
